Harfangs vs Tamiflu
Created - 22 février 2015 at 20:02
Goals
|
| Harfangs |
2 |
1 |
2 |
5 |
| Tamiflu |
0 |
4 |
2 |
6 |
|
Shots
|
| Harfangs |
9 |
18 |
9 |
36 |
| Tamiflu |
20 |
11 |
16 |
47 |
|
1st period
1. Harfangs , Peter Olvecky 30 (Alex Killorn) at 9:10
2. Harfangs , Alex Killorn 25 (Peter Olvecky, Stefan Ruzicka) at 16:56
Penalties :
Nathan Oystrick (Det) for Slashing (Minor) at 9:45
2nd period
3. Tamiflu , Adam Henrique 18 (Petr Pohl) at 2:58
4. Tamiflu , Adam Henrique 19 (Petr Pohl) at 8:04
5. Harfangs , Craig Smith 12 (Alexandre Picard, Michal Repik) at 14:26
6. Tamiflu , Rich Clune 9 (Kyle Lawson, Adam Henrique) at 17:05
7. Tamiflu , Carson Mcmillan 18 (Greg Mauldin, Jan Mursak) at 17:27 (PP)
Penalties :
Rich Clune (Det) for Holding Stick (Minor) at 4:53, Chris Kreider (BEA) for Interference (Minor) at 17:24
3rd period
8. Harfangs , Stefan Ruzicka 53 (Petri Kontiola, Alexandre Picard) at 6:08 (PP)
9. Tamiflu , Adam Henrique 20 (Petr Pohl) at 17:47 (PP)
10. Tamiflu , Greg Mauldin 44 (Jan Mursak) at 18:15 (PP)
11. Harfangs , Kyle Palmieri 16 (Peter Olvecky, Alex Killorn) at 18:50
Penalties :
Garrett Wilson (Det) for Holding Stick (Minor) at 5:59, Jonathan Sigalet (Det) for High sticking (Minor) at 12:11, Kyle Palmieri (BEA) for Slashing (Double Minor) at 15:33, Chris Kreider (BEA) for Hooking (Minor) at 18:11, Jonathan Sigalet (Det) for Roughing (Minor) at 19:09
Goalie Stats
Peter Budaj (BEA), 41 saves from 47 shots - (0,872), L, 10-9-1, 59:01 minutes
Mike McKenna (Det), 31 saves from 36 shots - (0,861), W, 25-15-2, 60:00 minutes
Players Stats for Harfangs
Player Name G A P +/- PIM S H SB GA TA FO MP PP MP PK MP
------------------------------------------------------------------------------------
Alex Killorn 1 2 3 3 0 1 2 0 0 0 7/10 16:17 3:06 0:00
Alexandre Picard 0 2 2 0 0 2 0 5 1 1 0/0 30:35 3:55 0:57
Andrew Orpik 0 0 0 0 0 0 0 0 1 0 0/0 10:16 0:00 0:32
Brett Carson 0 0 0 1 0 0 1 2 0 1 0/0 19:41 3:01 1:24
Brian Lashoff 0 0 0 0 0 0 0 1 0 0 0/0 10:36 0:00 0:52
Chris Kreider 0 0 0 -1 4 7 2 0 1 0 0/4 22:30 3:44 0:36
Craig Smith 1 0 1 0 0 2 2 0 0 0 3/7 12:51 0:07 0:36
Drew Shore 0 0 0 -1 0 1 1 1 0 0 3/6 7:31 0:00 0:19
Dustin Jeffrey 0 0 0 0 0 2 2 0 0 1 1/1 13:34 0:00 1:26
James Wisniewski 0 0 0 0 0 5 1 2 3 3 0/0 30:35 3:55 0:57
Kyle Palmieri 1 0 1 3 4 3 1 0 1 0 0/0 16:16 3:06 0:00
Michal Repik 0 1 1 0 0 1 0 0 0 0 0/0 12:08 0:00 0:00
Peter Olvecky 1 2 3 3 0 2 3 0 1 0 1/2 16:36 3:06 0:19
Petri Kontiola 0 1 1 -1 0 2 2 0 1 0 29/55 23:21 3:43 1:26
Roman Wick 0 0 0 -1 0 2 0 0 0 0 0/0 7:19 0:07 0:00
Stefan Ruzicka 1 1 2 -1 0 6 0 0 2 0 0/0 21:55 3:43 0:00
Tomas Tatar 0 0 0 -1 0 0 1 0 0 0 0/0 7:18 0:06 0:00
Victor Bartley 0 0 0 1 0 0 2 2 0 2 0/0 18:17 3:01 0:00
Players Stats for Tamiflu
Player Name G A P +/- PIM S H SB GA TA FO MP PP MP PK MP
------------------------------------------------------------------------------------
Adam Henrique 3 1 4 1 0 8 1 1 0 1 11/23 16:23 0:50 1:50
Ben Hanowski 0 0 0 0 0 0 0 0 0 0 0/0 0:00 0:00 0:00
Carson Mcmillan 1 0 1 0 0 7 0 3 2 1 0/1 24:20 1:31 4:10
Casey Wellman 0 0 0 0 0 0 0 0 0 0 2/4 6:20 0:00 0:00
Cody Goloubef 0 0 0 0 0 0 1 0 0 0 0/0 4:28 0:00 0:00
Colin Greening 0 0 0 -2 0 3 0 0 0 1 3/9 12:57 0:00 0:56
Garrett Wilson 0 0 0 -2 2 0 0 0 0 1 0/0 12:56 0:00 0:56
Greg Mauldin 1 1 2 0 0 4 3 1 3 0 22/44 24:20 1:31 4:10
Jan Mursak 0 2 2 0 0 1 3 1 0 1 2/3 19:41 1:31 0:00
Johan Fransson 0 0 0 0 0 4 0 4 0 0 0/0 18:57 0:50 2:44
Jonathan Sigalet 0 0 0 -1 4 5 0 2 1 1 0/0 24:52 1:31 2:23
Jordan Hendry 0 0 0 0 0 0 0 2 1 0 0/0 18:57 0:50 2:44
Justin Braun 0 0 0 0 0 1 0 0 0 1 0/0 4:57 0:00 0:24
Kyle Lawson 0 1 1 0 0 0 1 0 0 1 0/0 13:09 0:00 2:44
Mattias Tedenby 0 0 0 0 0 1 1 0 0 0 1/1 6:20 0:00 0:00
Mike Duco 0 0 0 -2 0 5 2 1 0 0 0/0 12:01 0:00 0:00
Nathan Oystrick 0 0 0 -1 2 1 0 1 0 2 0/0 24:59 1:31 2:53
Petr Pohl 0 3 3 1 0 4 0 0 1 0 0/0 16:23 0:50 1:50
Philip Samuelsson 0 0 0 0 0 0 0 0 0 1 0/0 9:52 0:00 0:00
Philippe Dupuis 0 0 0 0 0 2 0 0 0 0 0/0 6:20 0:00 0:00
Rich Clune 1 0 1 1 2 1 2 0 0 0 0/0 14:47 0:50 0:00
Stefan Elliott 0 0 0 0 0 0 0 0 0 0 0/0 0:00 0:00 0:00
Teemu Laakso 0 0 0 0 0 0 0 0 0 0 0/0 0:00 0:00 0:00
Teigan Zahn 0 0 0 0 0 0 0 0 0 0 0/0 0:00 0:00 0:00
3 Stars
1 - Adam Henrique (Det)
2 - Peter Olvecky (BEA)
3 - Alex Killorn (BEA)
Power Play
Harfangs - 1 on 5 Attempt(s) - 20,00%
Tamiflu - 3 on 4 Attempt(s) - 75,00%
Penalty Kill
Harfangs - 1 on 4 Attempt(s) - 25,00%
- Score 0 goal in Penalty Kill
Tamiflu - 4 on 5 Attempt(s) - 80,00%
- Score 0 goal in Penalty Kill
Team Stat
Harfangs - Hits : 20 - Faceoff Wins : 44 - Blocked Shots : 13 - Penalty Minutes : 8
Tamiflu - Hits : 14 - Faceoff Wins : 41 - Blocked Shots : 16 - Penalty Minutes : 10
Official
Referees : Kowal Tom and Kozari Steve
Linesman : Andy McElman and Dan Schachte
Game Notes
6:08 of 3rd period - Harfangs goal is going for a video replay. After video review, Goal.
Adam Henrique has scored a Hat Trick!
Finance
Level 1 -- Attendance: 1338 (66,90%) -- Ticket Income 40 140 $
Level 2 -- Attendance: 661 (66,10%) -- Ticket Income 7 932 $
Total Attendance: 1999 (66,63%)
Total Ticket Income: 48 072 $
Other Income: 2 404 $
Total Income: 50 476 $
Harfangs
5 vs 5 Forward
Center Left Wing Right Wing Time % Phy DF OF
1 Petri Kontiola Chris Kreider Stefan Ruzicka 40 1 2 2
2 Alex Killorn Peter Olvecky Kyle Palmieri 30 1 2 2
3 Craig Smith Dustin Jeffrey Michal Repik 20 1 2 2
4 Drew Shore Tomas Tatar Roman Wick 10 1 2 2
5 vs 5 Defense
Defense Defense Time % Phy DF OF
1 Alexandre Picard James Wisniewski 40 1 2 2
2 Brett Carson Victor Bartley 30 1 2 2
3 Andrew Orpik Brian Lashoff 20 1 2 2
4 Alexandre Picard James Wisniewski 10 1 2 2
PowerPlay Forward
Center Left Wing Right Wing Time % Phy DF OF
1 Petri Kontiola Chris Kreider Stefan Ruzicka 60 1 2 2
2 Alex Killorn Peter Olvecky Kyle Palmieri 40 1 2 2
PowerPlay Defense
Defense Defense Time % Phy DF OF
1 Alexandre Picard James Wisniewski 60 1 2 2
2 Brett Carson Victor Bartley 40 1 2 2
Penalty Kill 4 Players Forward
Center Wing Time % Phy DF OF
1 Petri Kontiola Dustin Jeffrey 60 1 2 2
2 Drew Shore Peter Olvecky 40 1 2 2
Penalty Kill 4 Players Defense
Defense Defense Time % Phy DF OF
1 James Wisniewski Alexandre Picard 60 1 2 2
2 Brett Carson Brian Lashoff 40 1 2 2
Penalty Kill - 3 Players Forward
Forward Time % Phy DF OF
1 Petri Kontiola 60 1 2 2
2 Drew Shore 40 1 2 2
Penalty Kill - 3 Players Defense
Defense Defense Time % Phy DF OF
1 James Wisniewski Alexandre Picard 60 1 2 2
2 Brett Carson Brian Lashoff 40 1 2 2
4 vs 4 Forward
Center Wing Time % Phy DF OF
1 Stefan Ruzicka Chris Kreider 60 1 2 2
2 Petri Kontiola Alex Killorn 40 1 2 2
4 vs 4 Defense
Defense Defense Time % Phy DF OF
1 Alexandre Picard James Wisniewski 60 1 2 2
2 Victor Bartley Brett Carson 40 1 2 2
Last Minutes Offensive
Center Left Wing Right Wing Defense Defense
Petri Kontiola Chris Kreider Stefan Ruzicka Alexandre Picard James Wisniewski
Last Minutes Defensive
Center Left Wing Right Wing Defense Defense
Petri Kontiola Chris Kreider Stefan Ruzicka James Wisniewski Alexandre Picard
Goaltenders
Starting : Peter Budaj
Backup : Robin Lehner
Extra Forwards
Normal : Stefan Ruzicka, Chris Kreider, Petri Kontiola - PP : Stefan Ruzicka, Petri Kontiola - PK : Petri Kontiola
Extra Defensemen
Normal : Brian Lashoff, James Wisniewski, Alexandre Picard - PP : Victor Bartley - PK : Brian Lashoff, Alexandre Picard
Penalty Shots
Petri Kontiola, Craig Smith, Stefan Ruzicka, James Wisniewski, Tomas Tatar
Tamiflu
5 vs 5 Forward
Center Left Wing Right Wing Time % Phy DF OF
1 Greg Mauldin Jan Mursak Carson Mcmillan 40 1 2 2
2 Adam Henrique Rich Clune Petr Pohl 30 1 2 2
3 Colin Greening Garrett Wilson Mike Duco 20 1 2 2
4 Casey Wellman Philippe Dupuis Mattias Tedenby 10 1 2 2
5 vs 5 Defense
Defense Defense Time % Phy DF OF
1 Jonathan Sigalet Nathan Oystrick 40 1 2 2
2 Jordan Hendry Johan Fransson 30 1 2 2
3 Philip Samuelsson Kyle Lawson 20 1 2 2
4 Justin Braun Cody Goloubef 10 1 2 2
PowerPlay Forward
Center Left Wing Right Wing Time % Phy DF OF
1 Greg Mauldin Jan Mursak Carson Mcmillan 60 1 2 2
2 Adam Henrique Rich Clune Petr Pohl 40 1 2 2
PowerPlay Defense
Defense Defense Time % Phy DF OF
1 Jonathan Sigalet Nathan Oystrick 60 1 2 2
2 Jordan Hendry Johan Fransson 40 1 2 2
Penalty Kill 4 Players Forward
Center Wing Time % Phy DF OF
1 Greg Mauldin Carson Mcmillan 60 1 2 2
2 Petr Pohl Adam Henrique 40 1 2 2
Penalty Kill 4 Players Defense
Defense Defense Time % Phy DF OF
1 Jonathan Sigalet Nathan Oystrick 60 1 2 2
2 Jordan Hendry Johan Fransson 40 1 2 2
Penalty Kill - 3 Players Forward
Forward Time % Phy DF OF
1 Greg Mauldin 60 1 2 2
2 Carson Mcmillan 40 1 2 2
Penalty Kill - 3 Players Defense
Defense Defense Time % Phy DF OF
1 Jonathan Sigalet Nathan Oystrick 60 1 2 2
2 Jordan Hendry Johan Fransson 40 1 2 2
4 vs 4 Forward
Center Wing Time % Phy DF OF
1 Greg Mauldin Carson Mcmillan 60 1 2 2
2 Petr Pohl Adam Henrique 40 1 2 2
4 vs 4 Defense
Defense Defense Time % Phy DF OF
1 Jonathan Sigalet Nathan Oystrick 60 1 2 2
2 Jordan Hendry Johan Fransson 40 1 2 2
Last Minutes Offensive
Center Left Wing Right Wing Defense Defense
Greg Mauldin Jan Mursak Carson Mcmillan Jonathan Sigalet Nathan Oystrick
Last Minutes Defensive
Center Left Wing Right Wing Defense Defense
Greg Mauldin Jan Mursak Carson Mcmillan Jonathan Sigalet Nathan Oystrick
Goaltenders
Starting : Mike McKenna
Backup : Thomas Greiss
Extra Forwards
Normal : Mike Duco, Mattias Tedenby, Colin Greening - PP : Mike Duco, Mattias Tedenby - PK : Colin Greening
Extra Defensemen
Normal : Philip Samuelsson, Kyle Lawson, Justin Braun - PP : Philip Samuelsson - PK : Kyle Lawson, Justin Braun
Penalty Shots
Greg Mauldin, Carson Mcmillan, Petr Pohl, Adam Henrique, Mike Duco
% Time on Ice - Harfangs
Lines # - Real PCT - Wanted PCT - Time Play
Normal Forward
1 - 35% - 40% - 17:53
2 - 26% - 30% - 13:11
3 - 24% - 20% - 12:08
4 - 14% - 10% - 7:12
Normal Defense
1 - 42% - 40% - 21:00
2 - 30% - 30% - 15:16
3 - 19% - 20% - 9:44
4 - 9% - 10% - 4:24
PP Forward
1 - 55% - 60% - 3:50
2 - 45% - 40% - 3:06
PP Defense
1 - 56% - 60% - 3:55
2 - 44% - 40% - 3:01
PK Forward
1 - 87% - 60% - 2:02
2 - 13% - 40% - 0:19
PK Defense
1 - 63% - 60% - 1:29
2 - 37% - 40% - 0:52
PK3 Forward
1 - 0% - 60%
2 - 0% - 40%
PK3 Defense
1 - 0% - 60%
2 - 0% - 40%
44 Forward
1 - 0% - 60%
2 - 0% - 40%
44 Defense
1 - 0% - 60%
2 - 0% - 40%
Last Minute Offensive - 0:19
Last Minute Defensive - 0:00
Total
Forward - 60:00
Defense - 60:00
|
% Time on Ice - Tamiflu
Lines # - Real PCT - Wanted PCT - Time Play
Normal Forward
1 - 36% - 40% - 18:20
2 - 27% - 30% - 13:43
3 - 24% - 20% - 12:01
4 - 13% - 10% - 6:20
Normal Defense
1 - 41% - 40% - 20:41
2 - 31% - 30% - 15:23
3 - 20% - 20% - 9:52
4 - 9% - 10% - 4:28
PP Forward
1 - 65% - 60% - 1:31
2 - 35% - 40% - 0:50
PP Defense
1 - 65% - 60% - 1:31
2 - 35% - 40% - 0:50
PK Forward
1 - 74% - 60% - 5:06
2 - 26% - 40% - 1:50
PK Defense
1 - 61% - 60% - 4:12
2 - 39% - 40% - 2:44
PK3 Forward
1 - 0% - 60%
2 - 0% - 40%
PK3 Defense
1 - 0% - 60%
2 - 0% - 40%
44 Forward
1 - 0% - 60%
2 - 0% - 40%
44 Defense
1 - 0% - 60%
2 - 0% - 40%
Last Minute Offensive - 0:00
Last Minute Defensive - 0:19
Total
Forward - 60:00
Defense - 60:00
|
Play by Play
1st period
0:01 of 1st period - Greg Mauldin wins face-off versus Petri Kontiola in neutral zone.
0:10 of 1st period - Slapshot by Jonathan Sigalet.
0:10 of 1st period - Stopped by Peter Budaj without a rebound.
0:11 of 1st period - Adam Henrique wins face-off versus Alex Killorn in Harfangs zone.
0:43 of 1st period - Jordan Hendry is hit by Craig Smith and loses puck.
1:04 of 1st period - Alexandre Picard is hit by Jan Mursak and loses puck.
1:58 of 1st period - Snap shot by Jonathan Sigalet.
1:58 of 1st period - Stopped by Peter Budaj with a rebound.
2:36 of 1st period - Carson Mcmillan is hit by Petri Kontiola.
3:25 of 1st period - Wrist shot by Mattias Tedenby.
3:25 of 1st period - Stopped by Peter Budaj with a rebound.
3:45 of 1st period - Wrist shot by Chris Kreider.
3:45 of 1st period - Deflect By Stefan Ruzicka.
3:45 of 1st period - Shot Misses the Net.
3:45 of 1st period - Puck is out of play.
3:46 of 1st period - Greg Mauldin wins face-off versus Petri Kontiola in Tamiflu zone.
3:55 of 1st period - Snap shot by Stefan Ruzicka.
3:55 of 1st period - Shot Misses the Net.
4:32 of 1st period - Snap shot by Mattias Tedenby.
4:32 of 1st period - Deflect By Philippe Dupuis.
4:32 of 1st period - Stopped by Peter Budaj with a rebound.
4:34 of 1st period - Snap shot by Philippe Dupuis.
4:34 of 1st period - Stopped by Peter Budaj without a rebound.
4:35 of 1st period - Craig Smith wins face-off versus Casey Wellman in Harfangs zone.
4:54 of 1st period - Snap shot by Craig Smith.
4:54 of 1st period - Shot Blocked by Johan Fransson.
5:05 of 1st period - Wrist shot by Mattias Tedenby.
5:05 of 1st period - Shot Blocked by Brian Lashoff.
5:07 of 1st period - Slapshot by Johan Fransson.
5:07 of 1st period - Stopped by Peter Budaj with a rebound.
5:09 of 1st period - Slapshot by Johan Fransson.
5:09 of 1st period - Stopped by Peter Budaj without a rebound.
5:10 of 1st period - Petri Kontiola wins face-off versus Greg Mauldin in Harfangs zone.
6:13 of 1st period - Off-side.
6:14 of 1st period - Casey Wellman wins face-off versus Craig Smith in neutral zone.
6:31 of 1st period - Philip Samuelsson is hit by Dustin Jeffrey and loses puck.
6:42 of 1st period - Backhand shot by Greg Mauldin.
6:42 of 1st period - Shot Blocked by Brett Carson.
6:44 of 1st period - Slapshot by Kyle Lawson.
6:44 of 1st period - Shot Blocked by Victor Bartley.
6:46 of 1st period - Wrist shot by Carson Mcmillan.
6:46 of 1st period - Stopped by Peter Budaj without a rebound.
6:47 of 1st period - Petri Kontiola wins face-off versus Greg Mauldin in Harfangs zone.
6:47 of 1st period - Petri Kontiola is hit by Greg Mauldin.
7:13 of 1st period - Jordan Hendry is hit by Drew Shore and loses puck.
7:40 of 1st period - Wrist shot by Adam Henrique.
7:40 of 1st period - Shot Misses the Net.
7:42 of 1st period - Backhand shot by Justin Braun.
7:42 of 1st period - Stopped by Peter Budaj without a rebound.
7:43 of 1st period - Adam Henrique wins face-off versus Petri Kontiola in Harfangs zone.
8:27 of 1st period - Snap shot by Mike Duco.
8:27 of 1st period - Stopped by Peter Budaj without a rebound.
8:28 of 1st period - Craig Smith wins face-off versus Casey Wellman in Harfangs zone.
8:37 of 1st period - Snap shot by Mattias Tedenby.
8:37 of 1st period - Shot Blocked by Alexandre Picard.
8:39 of 1st period - Wrist shot by Jonathan Sigalet.
8:39 of 1st period - Stopped by Peter Budaj without a rebound.
8:40 of 1st period - Petri Kontiola wins face-off versus Greg Mauldin in Harfangs zone.
9:04 of 1st period - Icing by Petri Kontiola.
9:05 of 1st period - Alex Killorn wins face-off versus Adam Henrique in Harfangs zone.
9:10 of 1st period - Snap shot by Peter Olvecky.
9:10 of 1st period - Goal by Peter Olvecky - Harfangs : 1 - Tamiflu : 0.
9:11 of 1st period - Greg Mauldin wins face-off versus Petri Kontiola in neutral zone.
9:21 of 1st period - Icing by Johan Fransson.
9:22 of 1st period - Petri Kontiola wins face-off versus Greg Mauldin in Tamiflu zone.
9:23 of 1st period - Slapshot by Stefan Ruzicka.
9:23 of 1st period - Stopped by Mike McKenna without a rebound.
9:24 of 1st period - Petri Kontiola wins face-off versus Adam Henrique in Tamiflu zone.
9:45 of 1st period - Minor Penalty to Nathan Oystrick for Slashing.
9:46 of 1st period - Petri Kontiola wins face-off versus Greg Mauldin in Tamiflu zone.
9:59 of 1st period - Wrist shot by Stefan Ruzicka.
9:59 of 1st period - Stopped by Mike McKenna with a rebound.
10:01 of 1st period - Slapshot by James Wisniewski.
10:01 of 1st period - Stopped by Mike McKenna without a rebound.
10:02 of 1st period - Petri Kontiola wins face-off versus Greg Mauldin in Tamiflu zone.
10:15 of 1st period - Snap shot by Chris Kreider.
10:15 of 1st period - Shot Misses the Net.
10:29 of 1st period - Carson Mcmillan is hit by Alex Killorn and loses puck.
11:12 of 1st period - Snap shot by Adam Henrique.
11:12 of 1st period - Stopped by Peter Budaj with a rebound.
11:45 of 1st period - Penalty to Nathan Oystrick is over, Nathan Oystrick is back on ice.
12:41 of 1st period - Justin Braun is hit by Dustin Jeffrey and loses puck.
13:06 of 1st period - Snap shot by Colin Greening.
13:06 of 1st period - Shot Blocked by Alexandre Picard.
13:22 of 1st period - Craig Smith is hit by Mike Duco and loses puck.
13:44 of 1st period - Snap shot by Colin Greening.
13:44 of 1st period - Shot Blocked by Alexandre Picard.
14:57 of 1st period - Snap shot by Mike Duco.
14:57 of 1st period - Stopped by Peter Budaj without a rebound.
14:58 of 1st period - Greg Mauldin wins face-off versus Petri Kontiola in Harfangs zone.
15:01 of 1st period - Slapshot by Greg Mauldin.
15:01 of 1st period - Deflect By Carson Mcmillan.
15:01 of 1st period - Stopped by Peter Budaj with a rebound.
15:32 of 1st period - Snap shot by Alex Killorn.
15:32 of 1st period - Shot Blocked by Johan Fransson.
15:41 of 1st period - Icing by Jordan Hendry.
15:42 of 1st period - Drew Shore wins face-off versus Adam Henrique in Tamiflu zone.
15:47 of 1st period - Snap shot by Roman Wick.
15:47 of 1st period - Stopped by Mike McKenna without a rebound.
15:48 of 1st period - Petri Kontiola wins face-off versus Greg Mauldin in Tamiflu zone.
15:49 of 1st period - Snap shot by Stefan Ruzicka.
15:49 of 1st period - Deflect By Chris Kreider.
15:49 of 1st period - Stopped by Mike McKenna without a rebound.
15:50 of 1st period - Petri Kontiola wins face-off versus Greg Mauldin in Tamiflu zone.
16:01 of 1st period - Slapshot by Chris Kreider.
16:01 of 1st period - Shot Misses the Net.
16:03 of 1st period - Snap shot by Chris Kreider.
16:03 of 1st period - Shot Misses the Net.
16:05 of 1st period - Snap shot by Stefan Ruzicka.
16:05 of 1st period - Stopped by Mike McKenna with a rebound.
16:15 of 1st period - Petr Pohl is hit by Kyle Palmieri and loses puck.
16:24 of 1st period - Wrist shot by Adam Henrique.
16:24 of 1st period - Stopped by Peter Budaj without a rebound.
16:25 of 1st period - Greg Mauldin wins face-off versus Petri Kontiola in Harfangs zone.
16:28 of 1st period - Snap shot by Carson Mcmillan.
16:28 of 1st period - Stopped by Peter Budaj with a rebound.
16:40 of 1st period - Slapshot by Stefan Ruzicka.
16:40 of 1st period - Stopped by Mike McKenna with a rebound.
16:56 of 1st period - Wrist shot by Alex Killorn.
16:56 of 1st period - Goal by Alex Killorn - Harfangs : 2 - Tamiflu : 0.
16:57 of 1st period - Petri Kontiola wins face-off versus Greg Mauldin in neutral zone.
17:06 of 1st period - Snap shot by Chris Kreider.
17:06 of 1st period - Deflect By Stefan Ruzicka.
17:06 of 1st period - Shot Blocked by Jan Mursak.
17:06 of 1st period - Puck is out of play.
17:07 of 1st period - Greg Mauldin wins face-off versus Petri Kontiola in Tamiflu zone.
17:32 of 1st period - Snap shot by Carson Mcmillan.
17:32 of 1st period - Stopped by Peter Budaj without a rebound.
17:33 of 1st period - Peter Olvecky wins face-off versus Adam Henrique in Harfangs zone.
17:46 of 1st period - Snap shot by Kyle Palmieri.
17:46 of 1st period - Shot Misses the Net.
17:57 of 1st period - Icing by Andrew Orpik.
17:58 of 1st period - Mattias Tedenby wins face-off versus Drew Shore in Harfangs zone.
18:13 of 1st period - Nathan Oystrick is hit by Tomas Tatar and loses puck.
18:46 of 1st period - Slapshot by Nathan Oystrick.
18:46 of 1st period - Stopped by Peter Budaj without a rebound.
18:47 of 1st period - Adam Henrique wins face-off versus Alex Killorn in Harfangs zone.
18:50 of 1st period - Wrist shot by Adam Henrique.
18:50 of 1st period - Stopped by Peter Budaj with a rebound.
19:22 of 1st period - Wrist shot by Petr Pohl.
19:22 of 1st period - Stopped by Peter Budaj without a rebound.
19:23 of 1st period - Greg Mauldin wins face-off versus Petri Kontiola in Harfangs zone.
19:42 of 1st period - Chris Kreider is hit by Kyle Lawson and loses puck.
19:59 of 1st period - Wrist shot by Chris Kreider.
19:59 of 1st period - Shot Misses the Net.
Goals for this period are 2 for Harfangs vs 0 for Tamiflu.
Shots for this period are 9 for Harfangs vs 20 for Tamiflu.
2nd period
0:01 of 2nd period - Alex Killorn wins face-off versus Greg Mauldin in neutral zone.
0:32 of 2nd period - Off-side.
0:33 of 2nd period - Adam Henrique wins face-off versus Chris Kreider in neutral zone.
1:07 of 2nd period - Snap shot by Mike Duco.
1:07 of 2nd period - Stopped by Peter Budaj without a rebound.
1:08 of 2nd period - Alex Killorn wins face-off versus Greg Mauldin in Harfangs zone.
1:17 of 2nd period - Wrist shot by Alex Killorn.
1:17 of 2nd period - Shot Misses the Net.
1:19 of 2nd period - Slapshot by James Wisniewski.
1:19 of 2nd period - Shot Blocked by Carson Mcmillan.
1:55 of 2nd period - Kyle Lawson is hit by Victor Bartley and loses puck.
2:58 of 2nd period - Snap shot by Adam Henrique.
2:58 of 2nd period - Goal by Adam Henrique - Harfangs : 2 - Tamiflu : 1.
2:59 of 2nd period - Greg Mauldin wins face-off versus Petri Kontiola in neutral zone.
3:36 of 2nd period - Slapshot by Kyle Palmieri.
3:36 of 2nd period - Shot Misses the Net.
3:38 of 2nd period - Wrist shot by Kyle Palmieri.
3:38 of 2nd period - Stopped by Mike McKenna with a rebound.
4:31 of 2nd period - Victor Bartley is hit by Jan Mursak and loses puck.
4:53 of 2nd period - Minor Penalty to Rich Clune for Holding Stick.
4:54 of 2nd period - Petri Kontiola wins face-off versus Greg Mauldin in Tamiflu zone.
4:58 of 2nd period - Snap shot by Chris Kreider.
4:58 of 2nd period - Deflect By Petri Kontiola.
4:58 of 2nd period - Shot Misses the Net.
4:58 of 2nd period - Puck is out of play.
4:59 of 2nd period - Petri Kontiola wins face-off versus Greg Mauldin in Tamiflu zone.
5:08 of 2nd period - Snap shot by Chris Kreider.
5:08 of 2nd period - Stopped by Mike McKenna with a rebound.
5:10 of 2nd period - Slapshot by James Wisniewski.
5:10 of 2nd period - Shot Misses the Net.
5:12 of 2nd period - Slapshot by Petri Kontiola.
5:12 of 2nd period - Stopped by Mike McKenna with a rebound.
5:14 of 2nd period - Slapshot by Alexandre Picard.
5:14 of 2nd period - Shot Misses the Net.
6:08 of 2nd period - Johan Fransson is hit by Brett Carson.
6:53 of 2nd period - Penalty to Rich Clune is over, Rich Clune is back on ice.
7:16 of 2nd period - Michal Repik is hit by Mattias Tedenby and loses puck.
7:44 of 2nd period - Off-side.
7:45 of 2nd period - Drew Shore wins face-off versus Colin Greening in neutral zone.
7:54 of 2nd period - Slapshot by James Wisniewski.
7:54 of 2nd period - Stopped by Mike McKenna without a rebound.
7:55 of 2nd period - Petri Kontiola wins face-off versus Adam Henrique in Tamiflu zone.
8:04 of 2nd period - Slapshot by Adam Henrique.
8:04 of 2nd period - Goal by Adam Henrique - Harfangs : 2 - Tamiflu : 2.
8:05 of 2nd period - Petri Kontiola wins face-off versus Greg Mauldin in neutral zone.
8:14 of 2nd period - Snap shot by Chris Kreider.
8:14 of 2nd period - Shot Misses the Net.
8:16 of 2nd period - Wrist shot by Chris Kreider.
8:16 of 2nd period - Stopped by Mike McKenna with a rebound.
8:18 of 2nd period - Wrist shot by Stefan Ruzicka.
8:18 of 2nd period - Shot Misses the Net.
8:40 of 2nd period - Slapshot by Victor Bartley.
8:40 of 2nd period - Shot Blocked by Johan Fransson.
8:42 of 2nd period - Snap shot by Victor Bartley.
8:42 of 2nd period - Shot Blocked by Jordan Hendry.
8:52 of 2nd period - Johan Fransson is hit by Craig Smith and loses puck.
9:03 of 2nd period - Snap shot by Carson Mcmillan.
9:03 of 2nd period - Shot Misses the Net.
9:09 of 2nd period - Slapshot by Jonathan Sigalet.
9:09 of 2nd period - Deflect By Victor Bartley.
9:09 of 2nd period - Stopped by Peter Budaj without a rebound.
9:10 of 2nd period - Petri Kontiola wins face-off versus Adam Henrique in Harfangs zone.
9:10 of 2nd period - Petri Kontiola is hit by Adam Henrique.
10:20 of 2nd period - Backhand shot by Michal Repik.
10:20 of 2nd period - Stopped by Mike McKenna with a rebound.
10:22 of 2nd period - Wrist shot by Dustin Jeffrey.
10:22 of 2nd period - Stopped by Mike McKenna without a rebound.
10:23 of 2nd period - Craig Smith wins face-off versus Adam Henrique in Tamiflu zone.
10:26 of 2nd period - Wrist shot by Craig Smith.
10:26 of 2nd period - Shot Misses the Net.
10:48 of 2nd period - Snap shot by Craig Smith.
10:48 of 2nd period - Shot Blocked by Mike Duco.
11:02 of 2nd period - Snap shot by Greg Mauldin.
11:02 of 2nd period - Stopped by Peter Budaj without a rebound.
11:03 of 2nd period - Jan Mursak wins face-off versus Petri Kontiola in Harfangs zone.
11:07 of 2nd period - Icing by Chris Kreider.
11:08 of 2nd period - Greg Mauldin wins face-off versus Petri Kontiola in Harfangs zone.
12:01 of 2nd period - Nathan Oystrick is hit by Alex Killorn and loses puck.
12:35 of 2nd period - Off-side.
12:36 of 2nd period - Petri Kontiola wins face-off versus Colin Greening in neutral zone.
13:23 of 2nd period - Wrist shot by Dustin Jeffrey.
13:23 of 2nd period - Stopped by Mike McKenna with a rebound.
13:25 of 2nd period - Slapshot by Brett Carson.
13:25 of 2nd period - Shot Blocked by Adam Henrique.
13:27 of 2nd period - Wrist shot by Craig Smith.
13:27 of 2nd period - Stopped by Mike McKenna without a rebound.
13:28 of 2nd period - Dustin Jeffrey wins face-off versus Colin Greening in Tamiflu zone.
13:41 of 2nd period - Wrist shot by Colin Greening.
13:41 of 2nd period - Shot Blocked by Alexandre Picard.
14:00 of 2nd period - Slapshot by Johan Fransson.
14:00 of 2nd period - Shot Misses the Net.
14:26 of 2nd period - Wrist shot by Craig Smith.
14:26 of 2nd period - Goal by Craig Smith - Harfangs : 3 - Tamiflu : 2.
14:27 of 2nd period - Greg Mauldin wins face-off versus Petri Kontiola in neutral zone.
14:36 of 2nd period - Snap shot by Carson Mcmillan.
14:36 of 2nd period - Stopped by Peter Budaj with a rebound.
14:38 of 2nd period - Slapshot by Carson Mcmillan.
14:38 of 2nd period - Shot Misses the Net.
14:40 of 2nd period - Slapshot by Carson Mcmillan.
14:40 of 2nd period - Shot Blocked by Victor Bartley.
14:42 of 2nd period - Snap shot by Greg Mauldin.
14:42 of 2nd period - Shot Blocked by Brett Carson.
14:52 of 2nd period - Petr Pohl is hit by Peter Olvecky and loses puck.
15:15 of 2nd period - Snap shot by Drew Shore.
15:15 of 2nd period - Stopped by Mike McKenna with a rebound.
15:17 of 2nd period - Slapshot by James Wisniewski.
15:17 of 2nd period - Stopped by Mike McKenna without a rebound.
15:18 of 2nd period - Casey Wellman wins face-off versus Petri Kontiola in Tamiflu zone.
15:31 of 2nd period - Slapshot by Stefan Ruzicka.
15:31 of 2nd period - Shot Blocked by Johan Fransson.
15:33 of 2nd period - Snap shot by Chris Kreider.
15:33 of 2nd period - Stopped by Mike McKenna with a rebound.
15:50 of 2nd period - Snap shot by Jan Mursak.
15:50 of 2nd period - Stopped by Peter Budaj without a rebound.
15:51 of 2nd period - Greg Mauldin wins face-off versus Chris Kreider in Harfangs zone.
16:09 of 2nd period - Icing by Brett Carson.
16:10 of 2nd period - Petri Kontiola wins face-off versus Adam Henrique in Harfangs zone.
16:15 of 2nd period - Petr Pohl is hit by Chris Kreider and loses puck.
16:44 of 2nd period - Snap shot by Peter Olvecky.
16:44 of 2nd period - Shot Misses the Net.
16:46 of 2nd period - Snap shot by Kyle Palmieri.
16:46 of 2nd period - Stopped by Mike McKenna with a rebound.
16:53 of 2nd period - Icing by Jan Mursak.
16:54 of 2nd period - Greg Mauldin wins face-off versus Drew Shore in Tamiflu zone.
17:01 of 2nd period - Snap shot by Adam Henrique.
17:01 of 2nd period - Stopped by Peter Budaj with a rebound.
17:03 of 2nd period - Snap shot by Kyle Lawson.
17:03 of 2nd period - Shot Blocked by James Wisniewski.
17:05 of 2nd period - Wrist shot by Rich Clune.
17:05 of 2nd period - Goal by Rich Clune - Harfangs : 3 - Tamiflu : 3.
17:06 of 2nd period - Greg Mauldin wins face-off versus Petri Kontiola in neutral zone.
17:14 of 2nd period - Slapshot by Alexandre Picard.
17:14 of 2nd period - Deflect By Jonathan Sigalet.
17:14 of 2nd period - Stopped by Mike McKenna with a rebound.
17:16 of 2nd period - Snap shot by Petri Kontiola.
17:16 of 2nd period - Stopped by Mike McKenna without a rebound.
17:17 of 2nd period - Greg Mauldin wins face-off versus Chris Kreider in Tamiflu zone.
17:17 of 2nd period - Greg Mauldin is hit by James Wisniewski.
17:24 of 2nd period - Minor Penalty to Chris Kreider for Interference.
17:25 of 2nd period - Jan Mursak wins face-off versus Petri Kontiola in Harfangs zone.
17:27 of 2nd period - Wrist shot by Carson Mcmillan.
17:27 of 2nd period - Goal by Carson Mcmillan - Harfangs : 3 - Tamiflu : 4.
17:28 of 2nd period - Greg Mauldin wins face-off versus Petri Kontiola in neutral zone.
17:40 of 2nd period - Snap shot by Chris Kreider.
17:40 of 2nd period - Stopped by Mike McKenna with a rebound.
17:42 of 2nd period - Slapshot by Stefan Ruzicka.
17:42 of 2nd period - Shot Hit the Post.
17:58 of 2nd period - Snap shot by Mike Duco.
17:58 of 2nd period - Deflect By Colin Greening.
17:58 of 2nd period - Stopped by Peter Budaj without a rebound.
17:59 of 2nd period - Alex Killorn wins face-off versus Colin Greening in Harfangs zone.
18:24 of 2nd period - Nathan Oystrick is hit by Chris Kreider and loses puck.
18:28 of 2nd period - Icing by Jonathan Sigalet.
18:29 of 2nd period - Greg Mauldin wins face-off versus Petri Kontiola in Tamiflu zone.
18:41 of 2nd period - Snap shot by Chris Kreider.
18:41 of 2nd period - Stopped by Mike McKenna with a rebound.
18:43 of 2nd period - Slapshot by James Wisniewski.
18:43 of 2nd period - Deflect By Petri Kontiola.
18:43 of 2nd period - Shot Misses the Net.
18:43 of 2nd period - Puck is out of play.
18:44 of 2nd period - Alex Killorn wins face-off versus Adam Henrique in Tamiflu zone.
19:19 of 2nd period - Snap shot by Stefan Ruzicka.
19:19 of 2nd period - Shot Blocked by Carson Mcmillan.
19:21 of 2nd period - Wrist shot by Chris Kreider.
19:21 of 2nd period - Shot Misses the Net.
19:23 of 2nd period - Slapshot by Alexandre Picard.
19:23 of 2nd period - Shot Blocked by Jonathan Sigalet.
Goals for this period are 1 for Harfangs vs 4 for Tamiflu.
Shots for this period are 18 for Harfangs vs 11 for Tamiflu.
3rd period
0:01 of 3rd period - Adam Henrique wins face-off versus Petri Kontiola in neutral zone.
0:15 of 3rd period - Snap shot by Petr Pohl.
0:15 of 3rd period - Stopped by Peter Budaj without a rebound.
0:16 of 3rd period - Greg Mauldin wins face-off versus Alex Killorn in Harfangs zone.
0:52 of 3rd period - Wrist shot by Petr Pohl.
0:52 of 3rd period - Stopped by Peter Budaj without a rebound.
0:53 of 3rd period - Colin Greening wins face-off versus Petri Kontiola in Harfangs zone.
0:56 of 3rd period - Wrist shot by Mike Duco.
0:56 of 3rd period - Stopped by Peter Budaj with a rebound.
1:06 of 3rd period - Slapshot by Colin Greening.
1:06 of 3rd period - Stopped by Peter Budaj without a rebound.
1:07 of 3rd period - Alex Killorn wins face-off versus Adam Henrique in Harfangs zone.
1:26 of 3rd period - James Wisniewski is hit by Rich Clune and loses puck.
1:36 of 3rd period - James Wisniewski is hit by Jan Mursak and loses puck.
1:45 of 3rd period - Snap shot by Alexandre Picard.
1:45 of 3rd period - Shot Blocked by Carson Mcmillan.
1:58 of 3rd period - Icing by Chris Kreider.
1:59 of 3rd period - Colin Greening wins face-off versus Petri Kontiola in Harfangs zone.
2:13 of 3rd period - Icing by Alexandre Picard.
2:14 of 3rd period - Petri Kontiola wins face-off versus Greg Mauldin in Harfangs zone.
2:41 of 3rd period - Nathan Oystrick is hit by Peter Olvecky and loses puck.
3:00 of 3rd period - Wrist shot by Colin Greening.
3:00 of 3rd period - Deflect By Mike Duco.
3:00 of 3rd period - Stopped by Peter Budaj without a rebound.
3:01 of 3rd period - Drew Shore wins face-off versus Colin Greening in Harfangs zone.
3:33 of 3rd period - Wrist shot by Carson Mcmillan.
3:33 of 3rd period - Deflect By Greg Mauldin.
3:33 of 3rd period - Shot Misses the Net.
3:33 of 3rd period - Puck is out of play.
3:34 of 3rd period - Adam Henrique wins face-off versus Petri Kontiola in Harfangs zone.
3:37 of 3rd period - Snap shot by Adam Henrique.
3:37 of 3rd period - Stopped by Peter Budaj without a rebound.
3:38 of 3rd period - Petri Kontiola wins face-off versus Adam Henrique in Harfangs zone.
3:48 of 3rd period - Petri Kontiola is hit by Rich Clune and loses puck.
4:03 of 3rd period - Andrew Orpik is hit by Greg Mauldin and loses puck.
4:24 of 3rd period - Off-side.
4:25 of 3rd period - Colin Greening wins face-off versus Craig Smith in neutral zone.
4:29 of 3rd period - Jonathan Sigalet is hit by Victor Bartley and loses puck.
5:59 of 3rd period - Minor Penalty to Garrett Wilson for Holding Stick.
6:00 of 3rd period - Petri Kontiola wins face-off versus Greg Mauldin in Tamiflu zone.
6:02 of 3rd period - Snap shot by Stefan Ruzicka.
6:02 of 3rd period - Shot Blocked by Greg Mauldin.
6:04 of 3rd period - Slapshot by Alexandre Picard.
6:04 of 3rd period - Shot Misses the Net.
6:06 of 3rd period - Snap shot by Petri Kontiola.
6:06 of 3rd period - Shot Misses the Net.
6:08 of 3rd period - Snap shot by Stefan Ruzicka.
6:08 of 3rd period - Harfangs goal is going for a video replay.
6:08 of 3rd period - The goal is good.
6:08 of 3rd period - Goal by Stefan Ruzicka - Harfangs : 4 - Tamiflu : 4.
6:09 of 3rd period - Petri Kontiola wins face-off versus Greg Mauldin in neutral zone.
6:22 of 3rd period - Snap shot by Carson Mcmillan.
6:22 of 3rd period - Stopped by Peter Budaj with a rebound.
6:24 of 3rd period - Backhand shot by Nathan Oystrick.
6:24 of 3rd period - Shot Blocked by James Wisniewski.
6:34 of 3rd period - Alexandre Picard is hit by Mike Duco and loses puck.
6:46 of 3rd period - Off-side.
6:47 of 3rd period - Alex Killorn wins face-off versus Greg Mauldin in neutral zone.
7:38 of 3rd period - Wrist shot by Adam Henrique.
7:38 of 3rd period - Shot Misses the Net.
7:40 of 3rd period - Snap shot by Rich Clune.
7:40 of 3rd period - Shot Blocked by Drew Shore.
7:54 of 3rd period - Brett Carson is hit by Greg Mauldin.
8:46 of 3rd period - Slapshot by Colin Greening.
8:46 of 3rd period - Stopped by Peter Budaj without a rebound.
8:47 of 3rd period - Petri Kontiola wins face-off versus Colin Greening in Harfangs zone.
8:51 of 3rd period - Off-side.
8:52 of 3rd period - Adam Henrique wins face-off versus Petri Kontiola in neutral zone.
9:03 of 3rd period - Snap shot by Stefan Ruzicka.
9:03 of 3rd period - Stopped by Mike McKenna without a rebound.
9:04 of 3rd period - Petri Kontiola wins face-off versus Jan Mursak in Tamiflu zone.
9:12 of 3rd period - Icing by Carson Mcmillan.
9:13 of 3rd period - Petri Kontiola wins face-off versus Greg Mauldin in Tamiflu zone.
9:24 of 3rd period - Wrist shot by Greg Mauldin.
9:24 of 3rd period - Stopped by Peter Budaj without a rebound.
9:25 of 3rd period - Adam Henrique wins face-off versus Peter Olvecky in Harfangs zone.
9:40 of 3rd period - Wrist shot by Petr Pohl.
9:40 of 3rd period - Shot Misses the Net.
9:52 of 3rd period - Wrist shot by Mike Duco.
9:52 of 3rd period - Shot Misses the Net.
10:15 of 3rd period - Snap shot by Peter Olvecky.
10:15 of 3rd period - Shot Blocked by Jonathan Sigalet.
10:17 of 3rd period - Snap shot by Peter Olvecky.
10:17 of 3rd period - Stopped by Mike McKenna with a rebound.
10:19 of 3rd period - Slapshot by James Wisniewski.
10:19 of 3rd period - Stopped by Mike McKenna with a rebound.
10:21 of 3rd period - Wrist shot by Kyle Palmieri.
10:21 of 3rd period - Shot Blocked by Nathan Oystrick.
10:26 of 3rd period - Wrist shot by Alexandre Picard.
10:26 of 3rd period - Deflect By Jonathan Sigalet.
10:26 of 3rd period - Stopped by Mike McKenna without a rebound.
10:27 of 3rd period - Greg Mauldin wins face-off versus Petri Kontiola in Tamiflu zone.
10:44 of 3rd period - Greg Mauldin is hit by Petri Kontiola and loses puck.
10:55 of 3rd period - Wrist shot by Roman Wick.
10:55 of 3rd period - Stopped by Mike McKenna without a rebound.
10:56 of 3rd period - Adam Henrique wins face-off versus Drew Shore in Tamiflu zone.
11:30 of 3rd period - Slapshot by Alexandre Picard.
11:30 of 3rd period - Shot Blocked by Jordan Hendry.
12:11 of 3rd period - Minor Penalty to Jonathan Sigalet for High sticking.
12:12 of 3rd period - Greg Mauldin wins face-off versus Petri Kontiola in Tamiflu zone.
12:16 of 3rd period - Backhand shot by Kyle Lawson.
12:16 of 3rd period - Deflect By Greg Mauldin.
12:16 of 3rd period - Stopped by Peter Budaj with a rebound.
12:26 of 3rd period - Wrist shot by Chris Kreider.
12:26 of 3rd period - Stopped by Mike McKenna without a rebound.
12:27 of 3rd period - Greg Mauldin wins face-off versus Petri Kontiola in Tamiflu zone.
14:11 of 3rd period - Penalty to Jonathan Sigalet is over, Jonathan Sigalet is back on ice.
14:34 of 3rd period - James Wisniewski is hit by Cody Goloubef and loses puck.
14:50 of 3rd period - Slapshot by James Wisniewski.
14:50 of 3rd period - Stopped by Mike McKenna with a rebound.
14:52 of 3rd period - Slapshot by James Wisniewski.
14:52 of 3rd period - Shot Misses the Net.
15:33 of 3rd period - Double Minor Penalty to Kyle Palmieri for Slashing.
15:34 of 3rd period - Petri Kontiola wins face-off versus Greg Mauldin in Harfangs zone.
16:14 of 3rd period - Off-side.
16:15 of 3rd period - Adam Henrique wins face-off versus Craig Smith in neutral zone.
16:40 of 3rd period - Slapshot by Jonathan Sigalet.
16:40 of 3rd period - Stopped by Peter Budaj without a rebound.
16:41 of 3rd period - Greg Mauldin wins face-off versus Petri Kontiola in Harfangs zone.
16:44 of 3rd period - Snap shot by Jan Mursak.
16:44 of 3rd period - Shot Blocked by Alexandre Picard.
17:15 of 3rd period - Slapshot by Johan Fransson.
17:15 of 3rd period - Deflect By Alexandre Picard.
17:15 of 3rd period - Stopped by Peter Budaj with a rebound.
17:35 of 3rd period - Slapshot by Johan Fransson.
17:35 of 3rd period - Stopped by Peter Budaj without a rebound.
17:36 of 3rd period - Adam Henrique wins face-off versus Craig Smith in Harfangs zone.
17:43 of 3rd period - Snap shot by Adam Henrique.
17:43 of 3rd period - Shot Misses the Net.
17:45 of 3rd period - Wrist shot by Petr Pohl.
17:45 of 3rd period - Stopped by Peter Budaj with a rebound.
17:47 of 3rd period - Slapshot by Adam Henrique.
17:47 of 3rd period - Goal by Adam Henrique - Harfangs : 4 - Tamiflu : 5.
17:48 of 3rd period - Petri Kontiola wins face-off versus Adam Henrique in neutral zone.
17:51 of 3rd period - Wrist shot by Victor Bartley.
17:51 of 3rd period - Shot Hit the Post.
18:11 of 3rd period - Minor Penalty to Chris Kreider for Hooking.
18:12 of 3rd period - Petri Kontiola wins face-off versus Greg Mauldin in Harfangs zone.
18:15 of 3rd period - Wrist shot by Greg Mauldin.
18:15 of 3rd period - Goal by Greg Mauldin - Harfangs : 4 - Tamiflu : 6.
18:16 of 3rd period - Petri Kontiola wins face-off versus Carson Mcmillan in neutral zone.
18:29 of 3rd period - Snap shot by Greg Mauldin.
18:29 of 3rd period - Shot Misses the Net.
18:31 of 3rd period - Slapshot by Carson Mcmillan.
18:31 of 3rd period - Shot Misses the Net.
18:41 of 3rd period - Nathan Oystrick is hit by Peter Olvecky and loses puck.
18:50 of 3rd period - Wrist shot by Kyle Palmieri.
18:50 of 3rd period - Goal by Kyle Palmieri - Harfangs : 5 - Tamiflu : 6.
18:51 of 3rd period - Petri Kontiola wins face-off versus Greg Mauldin in neutral zone.
19:01 of 3rd period - Harfangs, Peter Budaj is pulled from the net.
19:07 of 3rd period - Snap shot by Chris Kreider.
19:07 of 3rd period - Shot Misses the Net.
19:09 of 3rd period - Minor Penalty to Jonathan Sigalet for Roughing.
19:10 of 3rd period - Greg Mauldin wins face-off versus Chris Kreider in Tamiflu zone.
Goals for this period are 2 for Harfangs vs 2 for Tamiflu.
Shots for this period are 9 for Harfangs vs 16 for Tamiflu.
Output by the SimonT Hockey Simulator (STHS) for François Prévost -- Original Page W3C XHTML 1.0 Valid